 Dungeon Crawl Stone Soup version 0.18.1-50-g88ac8fd (webtiles) character file.

4617 raph the Destroyer (level 10, -5/65 HPs)
             Began as a High Elf Ice Elementalist on Oct 23, 2016.
             Was a Believer of Vehumet.
             Slain by an eight-headed hydra (7 damage)
             ... on level 1 of the Lair of Beasts.
             The game lasted 00:31:48 (12188 turns).

raph the Destroyer (High Elf Ice Elementalist)     Turns: 12188, Time: 00:31:49

Health: -5/65      AC:  6    Str:  8    XL:     10   Next: 19%
Magic:  1/20       EV: 22    Int: 21    God:    Vehumet [**....]
Gold:   405        SH:  0    Dex: 17    Spells: 6 memorised, 3 levels left

rFire  + . .     SeeInvis .     b - +2 hunting sling (evade)
rCold  . . .     Gourm    .     o - +1 robe
rNeg   . . .     Faith    +     (no shield)
rPois  .         Spirit   .     (no helmet)
rElec  .         Dismiss  .     (no cloak)
rCorr  .         Reflect  .     C - +2 pair of gloves
SustAt .         Harm     .     (no boots)
MR     +....                    i - amulet of faith
Stlth  ++++......               E - ring of protection from fire
                                q - ring of stealth

@: lethally poisoned (-5 -> -22), very slightly contaminated, somewhat resistant
to hostile enchantments, stealthy
A: no striking features
a: Renounce Religion


You were on level 1 of the Lair of Beasts.
You worshipped Vehumet.
Vehumet was pleased with you.
You were not hungry.

You visited 3 branches of the dungeon, and saw 10 of its levels.

You collected 405 gold pieces.

Inventory:

Hand Weapons
 a - a +3 quick blade
 b - a +2 hunting sling of evasion (weapon)
 l - a +0 short sword
 n - a +3 dagger of speed
Missiles
 t - 150 stones (quivered)
Armour
 o - a +1 robe (worn)
 C - a +2 pair of gloves (worn)
Jewellery
 i - an amulet of faith (around neck)
 m - a +4 amulet of reflection
 q - a ring of stealth (left hand)
 E - a ring of protection from fire (right hand)
Wands
 f - a wand of teleportation (3/9)
 D - a wand of flame (29/48)
Scrolls
 e - a scroll of recharging
 h - a scroll of enchant armour
 p - a scroll of blinking
 u - 2 scrolls of magic mapping
 y - 4 scrolls of teleportation
 B - 4 scrolls of remove curse
Potions
 g - 2 potions of curing
 j - 2 potions of heal wounds
 k - a potion of berserk rage
 r - 2 potions of cure mutation
 v - a potion of flight
 w - a potion of haste {unknown}
 z - 2 potions of mutation {unknown}
 A - 2 potions of magic {unknown}
 H - a potion of beneficial mutation {unknown}
 J - a potion of brilliance {unknown}
Books
 s - a book of Frost

   Spells                             Type                      Level
   a - Freeze                         Ice                          1
   b - Throw Frost                    Conjuration/Ice              2
   c - Ozocubu's Armour               Charms/Ice                   3
   d - Throw Icicle                   Conjuration/Ice              4
   e - Summon Ice Beast               Ice/Summoning                4
 F - a book of Power

   Spells                             Type                      Level
   a - Fulminant Prism                Conjuration/Hexes            4
   b - Iskenderun's Mystic Blast      Conjuration                  4
   c - Venom Bolt                     Conjuration/Poison           5
   d - Bolt of Magma                  Conjuration/Fire/Earth       5
   e - Iron Shot                      Conjuration/Earth            6
   f - Orb of Destruction             Conjuration                  7
   g - Spellforged Servitor           Conjuration/Summoning        7
 I - a book of the Dragon

   Spells                             Type                      Level
   a - Flame Tongue                   Conjuration/Fire             1
   b - Cause Fear                     Hexes                        4
   c - Bolt of Fire                   Conjuration/Fire             6
   d - Dragon Form                    Transmutation                7
   e - Dragon's Call                  Summoning                    9
Comestibles
 c - 8 bread rations
 d - 3 meat rations
 x - 2 chunks of flesh


   Skills:
 + Level 4.8 Fighting
 + Level 2.5 Short Blades
 + Level 6.7 Dodging
 - Level 4.1 Stealth
 + Level 6.0 Spellcasting
 * Level 8.6 Conjurations
 - Level 1.0 Charms
 - Level 8.5 Ice Magic


You had 3 spell levels left.
You knew the following spells:

 Your Spells              Type           Power        Failure   Level  Hunger
a - Freeze                Ice            ####         1%          1    None
b - Throw Frost           Conj/Ice       #####.       1%          2    None
c - Ozocubu's Armour      Chrm/Ice       ####....     4%          3    ##.....
d - Throw Icicle          Conj/Ice       #####...     2%          4    ####...
e - Summon Ice Beast      Ice/Summ       ###.....     21%         4    ####...
f - Iskenderun's Mystic   Conj           #####...     2%          4    ####...


Dungeon Overview and Level Annotations

Branches:
Dungeon (8/15)             Temple (1/1) D:7            Lair (1/8) D:8

Altars:
Ashenzari
Cheibriados
Dithmenos
Elyvilon
Fedhas
Gozag
Kikubaaqudgha
Makhleb
Nemelex Xobeh
Okawaru
Pakellas
Qazlal
Ru
Sif Muna
Trog
Vehumet
Xom
Yredelemnul
Zin
The Shining One

Annotations:
D:4 varam's ghost, amateur TrMo


Message History

* * * LOW HITPOINT WARNING * * *
The eight-headed hydra barely misses you.
The eight-headed hydra completely misses you.
The eight-headed hydra bites you.
* * * LOW HITPOINT WARNING * * *
The eight-headed hydra misses you.
The eight-headed hydra barely misses you.
The eight-headed hydra bites you but does no damage.
Casting: Throw Icicle
Confirm with . or Enter, or press ? or * to list all spells.
Aiming: Throw Icicle
Press: ? - help, Shift-Dir - straight line, f/p - eight-headed hydra
Aim: an eight-headed hydra (moderately wounded)
The shard of ice hits the eight-headed hydra.
The eight-headed hydra is heavily wounded.
The water moccasin bites you.
* * * LOW HITPOINT WARNING * * *
You are more poisoned.
The water moccasin poisons you! The eight-headed hydra bites you!
You die...

#....# ####..........
#....# ###÷#......
##...# ##.....#.#
##..## ##..#.##...#
##...# #..#........
#..[.# ###..#...⌠...⌠
##...# ##.+..#.....>..
##.### #.....#...⌠...⌠
#P.######.#.@##...)...
##.P##.##.##SDH......#
#.........###.....#.#
#.....##.## ##..S.....
#.....#### ##.#.....
##....# ## ...# #....#
..# #....## .. #.....#
⌠


You could see an eight-headed hydra, a hippogriff and 2 water moccasins.

Vanquished Creatures
  A centaur zombie (D:8)
  4 yaks
  A wyvern (D:5)
  2 humans (D:8)
  A spriggan (D:7)
  2 hippogriffs
  A water moccasin (D:8)
  2 orc warriors
  4 ice beasts
  A phantom (D:6)
  2 centaurs
  5 ogres
  A gnoll sergeant (D:7)
  Blork the orc (D:7)
  4 giant frogs
  A scorpion (D:4)
  A wight (D:7)
  A howler monkey (D:6)
  4 crimson imps
  A wasp zombie (D:7)
  A giant frog zombie (D:6)
  4 hounds
  An orc wizard (D:7)
  3 orc priests
  2 jellies
  A giant frog skeleton (D:4)
  8 worker ants
  A worker ant zombie (D:5)
  3 gnolls (D:4)
  14 adders
  3 shadow imps
  An adder zombie (D:5)
  3 adder skeletons
  4 worms
  2 dart slugs
  12 giant geckos
  20 orcs
  3 ball pythons (D:3)
  10 bats
  5 giant cockroaches
  4 goblins (D:2)
  5 hobgoblins
  9 jackals
  4 quokkas
  A giant gecko skeleton (D:7)
  9 giant newts
  8 kobolds
  6 rats
187 creatures vanquished.

Notes
Turn   | Place    | Note
--------------------------------------------------------------
     0 | D:1      | raph the High Elf Ice Elementalist began the quest for the Orb.
     0 | D:1      | Reached XP level 1. HP: 11/11 MP: 4/4
   412 | D:1      | Reached XP level 2. HP: 17/17 MP: 4/6
   435 | D:1      | Learned a level 2 spell: Throw Frost
   839 | D:1      | You fall through a shaft!
   943 | D:2      | Reached XP level 3. HP: 19/21 MP: 1/8
  1995 | D:2      | Learned a level 3 spell: Ozocubu's Armour
  2084 | D:2      | Reached XP level 4. HP: 27/27 MP: 6/9
  2452 | D:3      | Reached skill level 1 in Charms
  2944 | D:3      | Reached XP level 5. HP: 31/31 MP: 6/11
  3076 | D:3      | Learned a level 4 spell: Throw Icicle
  3313 | D:3      | Found a faded altar to an unknown god.
  3520 | D:4      | Noticed varam's ghost (amateur TrMo)
  3524 | D:5      | Entered Level 5 of the Dungeon
  4077 | D:5      | Reached XP level 6. HP: 36/36 MP: 5/12
  4096 | D:5      | Noticed a wyvern
  4101 | D:5      | Killed a wyvern
  4101 | D:5      | Reached skill level 5 in Ice Magic
  4241 | D:5      | Noticed a hippogriff
  4255 | D:5      | Killed a hippogriff
  4255 | D:5      | Reached XP level 7. HP: 26/41 MP: 1/13
  4812 | D:6      | Found a blossoming altar of Fedhas.
  4855 | D:6      | Reached skill level 1 in Fighting
  6065 | D:4      | Reached XP level 8. HP: 44/49 MP: 10/14
  6239 | D:5      | Reached skill level 5 in Conjurations
  6963 | D:6      | Learned a level 4 spell: Summon Ice Beast
  7060 | D:6      | Identified a scroll of acquirement
  7124 | D:6      | Reached skill level 5 in Dodging
  7651 | D:6      | Found a basalt altar of Yredelemnul.
  8266 | D:7      | Found a staircase to the Ecumenical Temple.
  8285 | Temple   | Entered the Ecumenical Temple
  8361 | Temple   | Became a worshipper of Vehumet
  8390 | D:7      | Reached XP level 9. HP: 53/57 MP: 10/16
  9065 | D:6      | Reached skill level 5 in Spellcasting
  9186 | D:7      | Noticed Blork the orc
  9226 | D:7      | Reached * piety under Vehumet
  9226 | D:7      | Offered knowledge of Sandblast by Vehumet.
  9410 | D:7      | Learned a level 4 spell: Iskenderun's Mystic Blast
  9740 | D:7      | Killed Blork the orc
 10310 | D:8      | Found a shattered altar of Ashenzari.
 10394 | D:8      | Found an iron altar of Okawaru.
 10458 | D:8      | Reached skill level 1 in Short Blades
 10720 | D:8      | Found a bloodstained altar of Trog.
 11006 | D:8      | Found a shadowy altar of Dithmenos.
 11007 | D:8      | Found a shimmering altar of Xom.
 11012 | D:8      | Found an opulent altar of Gozag.
 11013 | D:8      | Found a basalt altar of Yredelemnul.
 11013 | D:8      | Found an ancient bone altar of Kikubaaqudgha.
 11013 | D:8      | Found a stormy altar of Qazlal.
 11094 | D:8      | Found a staircase to the Lair.
 11563 | Lair:1   | Entered Level 1 of the Lair of Beasts
 11669 | D:8      | Reached XP level 10. HP: 57/65 MP: 12/19
 11747 | D:8      | Reached ** piety under Vehumet
 12178 | Lair:1   | Noticed an eight-headed hydra
 12188 | Lair:1   | HP: 2/65 [water moccasin (3)]
 12188 | Lair:1   | Slain by an eight-headed hydra

Skill      XL: |  1  2  3  4  5  6  7  8  9 10 |
---------------+-------------------------------+-----
Dodging        | 3 4 5 6 |  6.7
Spellcasting   | 3 4 5 6 |  6.0
Stealth        | 3 4 |  4.1
Charms         | 1 |  1.0
Ice Magic      | 4 5 6 7 8 |  8.5
Conjurations   | 2 3 4 6 8 |  8.6
Fighting       | 1 3 4 |  4.8
Short Blades   | 2 |  2.5

Action                   |  1- 3 |  4- 6 |  7- 9 | 10-12 || total
-------------------------+-------+-------+-------+-------++-------
Melee: Short sword       |     1 |       |       |       ||     1
       Dagger            |       |    16 |    67 |       ||    83
       Quick blade       |       |       |    95 |    12 ||   107
 Fire: Hunting sling     |       |     3 |    14 |       ||    17
 Cast: Freeze            |    42 |    71 |    76 |     8 ||   197
       Throw Frost       |    23 |    38 |   115 |     5 ||   181
       Ozocubu's Armour  |       |     2 |    24 |     2 ||    28
       Throw Icicle      |       |       |    32 |     6 ||    38
       Iskenderun's Myst |       |       |     7 |     6 ||    13
  Use: Scroll            |       |    15 |     8 |       ||    23
       Potion            |       |       |     1 |       ||     1
 Stab: Sleeping          |       |       |     2 |       ||     2
       Distracted        |       |       |     1 |       ||     1
  Eat: Chunk             |     5 |     8 |    21 |       ||    34
       Meat ration       |       |       |     1 |     1 ||     2
       Beef jerky        |       |       |     1 |       ||     1
       Bread ration      |       |       |     1 |       ||     1
Armor: Robe              |    12 |     6 |    41 |     6 ||    65
Dodge: Dodged            |    48 |    56 |   142 |    43 ||   289
